 Dungeon Crawl Stone Soup version 0.20.1-1-g8b1a95d (webtiles) character file.

6991 Mitsuki the Fighter (level 11, -4/105 (106) HPs)
             Began as a Hill Orc Fighter on Oct 5, 2017.
             Was an Elder of Okawaru.
             Killed from afar by an electric eel (7 damage)
             ... with a bolt of electricity
             ... on level 8 of the Dungeon.
             The game lasted 00:24:29 (11674 turns).

Mitsuki the Fighter (Hill Orc Fighter)             Turns: 11674, Time: 00:24:30

HP:   -4/105 (106)  AC: 22    Str: 20 (22) XL:     11   Next: 8%
MP:   15/15         EV:  6    Int:  8      God:    Okawaru [****..]
Gold: 263           SH:  0    Dex: 10 (11) Spells: 10/10 levels left

rFire    . . .     SeeInvis +   w - +0 scythe
rCold    + . .     Gourm    .   (shield currently unavailable)
rNeg     . . .     Faith    .   J - +0 plate armour
rPois    .         Spirit   .   x - +0 helmet
rElec    .         Reflect  .   G - +1 cloak
rCorr    +         Harm     .   g - +2 pair of gloves
MR       .....                  I - +0 pair of boots {Fly}
Stlth    ..........             (no amulet)
Regen    0.3/turn               h - ring of resist corrosion
MPRegen  0.2/turn               y - ring of see invisible

@: no status effects
A: cold resistance 1, deterioration 2, robust 1, subdued magic 1
a: Heroism, Renounce Religion, Evoke Flight


You were on level 8 of the Dungeon.
You worshipped Okawaru.
Okawaru was greatly pleased with you.
You were not hungry.

You visited 2 branches of the dungeon, and saw 9 of its levels.

You collected 420 gold pieces.
You spent 157 gold pieces at shops.

Inventory:

Hand Weapons
 a - a +0 trident
 w - a +0 scythe (weapon)
Armour
 c - a +0 shield
 g - a +2 pair of gloves (worn)
 x - a +0 helmet (worn)
 G - a +1 cloak (worn)
 I - a +0 pair of boots of flying (worn)
 J - a +0 plate armour (worn)
Magical Staves
 T - an uncursed staff of poison {unknown}
Jewellery
 b - an uncursed amulet of harm
 h - a ring of resist corrosion (left hand)
 y - a ring of see invisible (right hand)
Wands
 d - a wand of digging (17/24)
 C - a wand of polymorph (18/24)
 E - a wand of enslavement (19/24)
 N - a wand of polymorph (14/24)
 Q - a wand of acid (7/15)
 W - a wand of iceblast (8/15)
Scrolls
 e - 3 scrolls of random uselessness {unknown}
 j - a scroll of enchant weapon {unknown}
 m - 3 scrolls of fog {unknown}
 o - 2 scrolls of blinking {unknown}
 p - 5 scrolls of teleportation {unknown}
 q - 2 scrolls of magic mapping {unknown}
 t - 3 scrolls of enchant armour {unknown}
 v - 2 scrolls of recharging {unknown}
 B - 8 scrolls of identify {unknown}
 D - 2 scrolls of noise {unknown}
 H - 3 scrolls of immolation {unknown}
 R - a scroll of amnesia {unknown}
 S - a scroll of remove curse {unknown}
 U - a scroll of summoning {unknown}
 V - a scroll of vulnerability {unknown}
Potions
 i - a potion of heal wounds {unknown}
 k - 2 potions of ambrosia {unknown}
 n - 2 potions of resistance {unknown}
 r - 2 potions of mutation {unknown}
 s - a potion of lignification {unknown}
 u - 5 potions of curing {unknown}
 z - a potion of degeneration {unknown}
 A - 3 potions of flight {unknown}
 F - a potion of haste {unknown}
 K - a potion of agility {unknown}
 M - a potion of brilliance {unknown}
 O - a potion of invisibility
 P - a potion of magic {unknown}
Comestibles
 f - 6 bread rations
 l - 3 meat rations
 L - 3 fruits


   Skills:
 + Level 9.5 Fighting
 + Level 8.4 Polearms
 + Level 8.7 Armour
 + Level 8.8 Shields
 - Level 5.8 Invocations
 + Level 6.2 Evocations


You had 10 spell levels left.
You didn't know any spells.

Dungeon Overview and Level Annotations

Branches:
Dungeon (8/15)             Temple (1/1) D:6            Lair (0/6) D:8

Altars:
Ashenzari
Cheibriados
Elyvilon
Fedhas
Gozag
Hepliaklqana
Makhleb
Nemelex Xobeh
Okawaru
Qazlal
Ru
Trog
Uskayaw
Xom
Yredelemnul
Zin

Shops:
D:5 [

Annotations:
D:8 1 exclusion


Innate Abilities, Weirdness & Mutations

Your flesh is cold resistant. (rC+)
Your body often deteriorates upon taking damage.
You are robust. (+10% HP)
Your spells are a little easier to cast, but a little less powerful.


Message History

The electric eel shoots out a bolt of lightning at you!
The bolt of electricity hits you!
The electric eel shoots out a bolt of lightning at you!
The bolt of electricity hits you!
* * * LOW HITPOINT WARNING * * *
The electric eel shoots out a bolt of lightning at you!
The bolt of electricity hits you!
* * * LOW HITPOINT WARNING * * *
The electric eel shoots out a bolt of lightning at you!
The bolt of electricity hits you!
* * * LOW HITPOINT WARNING * * *
The electric eel shoots out a bolt of lightning at you!
The bolt of electricity hits you!
* * * LOW HITPOINT WARNING * * *
The electric eel shoots out a bolt of lightning at you!
The bolt of electricity hits you!
* * * LOW HITPOINT WARNING * * *
The electric eel shoots out a bolt of lightning at you!
The bolt of electricity hits you!
You die...

.≈≈≈≈≈≈≈≈≈≈..#)#.....###.........
≈...≈≈≈≈.....#)#.......##........
....≈≈≈≈≈;...#.#######.##........
>............#.# #.##........
...≈≈≈≈≈≈≈≈..#.## ####........
..≈≈≈≈≈≈.....# ###...###
≈≈.≈;≈≈......# #####.###
≈≈≈.≈........#######.......#
≈;≈..≈≈≈.....@.............#
≈............######........#
...........### ##.......#
#######...# #......># #####
#.......# #.[.....# #########


You could see an electric eel.

Vanquished Creatures
  A two-headed ogre (D:8)
  The ghost of Mitsuki the Fighter, a novice HOFi of Okawaru (D:8)
  Joseph (D:8)
  The ghost of Danqa the Chopper, a novice HOFi (D:4)
  The ghost of letownia the Insei, a novice OpTm of Gozag (D:5)
  A troll (D:8)
  A hippogriff (D:6)
  Sigmund (D:2)
  2 ice beasts (D:6)
  6 sky beasts
  A black bear (D:8)
  4 ogres
  An orc warrior (D:8)
  2 centaurs
  2 necrophages (D:7)
  4 wolves (D:7)
  4 bullfrogs
  An elf skeleton (D:7)
  A gnoll sergeant (D:7)
  A troll zombie (D:7)
  4 killer bees (D:7)
  A wight (D:7)
  3 howler monkeys
  3 crimson imps
  A centaur zombie (D:6)
  2 centaur skeletons (D:6)
  4 human zombies (D:7)
  Crazy Yiuf (D:4)
  8 hounds
  3 jellies
  3 orc priests
  A gnoll shaman (D:6)
  2 bullfrog skeletons
  9 orc wizards
  An iguana (D:5)
  2 human skeletons (D:7)
  5 worker ants
  A killer bee zombie (D:5)
  2 mummies
  A howler monkey skeleton (D:5)
  A worker ant zombie (D:8)
  9 gnolls
  5 adders
  2 shadow imps
  An ooze (D:4)
  5 worms
  3 dart slugs
  9 leopard geckos
  29 orcs
  2 ball pythons
  7 giant cockroaches
  10 goblins
  10 hobgoblins
  8 quokkas
  6 bats
  4 frilled lizards
  A jackal zombie (D:7)
  5 kobolds
  A leopard gecko skeleton (D:4)
  A quokka skeleton (D:4)
  A quokka zombie (D:5)
  5 rats
219 creatures vanquished.

Notes
Turn   | Place    | Note
-------+----------+-------------------------------------------
     0 | D:1      | Mitsuki the Hill Orc Fighter began the quest for the Orb.
     0 | D:1      | Reached XP level 1. HP: 19/19 MP: 1/1
   163 | D:1      | Reached XP level 2. HP: 27/27 MP: 2/2
   777 | D:2      | Reached XP level 3. HP: 33/33 MP: 3/3
  1000 | D:2      | Reached skill level 4 in Fighting
  1045 | D:2      | Reached XP level 4. HP: 29/40 MP: 4/4
  1149 | D:2      | Noticed Sigmund
  1226 | D:2      | Killed Sigmund
  1226 | D:2      | Reached skill level 5 in Fighting
  1226 | D:2      | Reached XP level 5. HP: 25/48 MP: 5/5
  1489 | D:2      | Reached XP level 6. HP: 47/56 MP: 6/6
  2198 | D:3      | Found a hide-covered altar of Uskayaw.
  2490 | D:4      | Reached skill level 5 in Shields
  2718 | D:4      | Reached skill level 5 in Armour
  2873 | D:4      | Reached XP level 7. HP: 50/61 MP: 7/7
  3329 | D:4      | Found a runed door.
  3419 | D:4      | Noticed Crazy Yiuf
  3428 | D:4      | Killed Crazy Yiuf
  3682 | D:5      | Entered Level 5 of the Dungeon
  3902 | D:5      | Found Fitwill's Antique Armour Boutique.
  3916 | D:5      | Reached skill level 6 in Fighting
  4098 | D:5      | Bought a pair of runed boots for 157 gold pieces
  4239 | D:5      | Noticed letownia's ghost (novice OpTm)
  4453 | D:4      | Noticed Danqa's ghost (novice HOFi)
  4947 | D:5      | Reached skill level 1 in Evocations
  5042 | D:5      | Reached skill level 5 in Polearms
  5042 | D:5      | Reached XP level 8. HP: 61/71 MP: 7/9
  5734 | D:6      | Reached skill level 7 in Fighting
  6060 | D:6      | Found a staircase to the Ecumenical Temple.
  6117 | Temple   | Entered the Ecumenical Temple
  6277 | D:6      | Found a shattered altar of Ashenzari.
  6332 | D:6      | Reached XP level 9. HP: 73/79 MP: 11/11
  6336 | D:6      | Gained mutation: You are robust. (+10% HP) [mutagenic meat]
  6337 | D:6      | Gained mutation: Your spells are a little easier to cast, but a little less powerful. [mutagenic meat]
  6339 | D:6      | Gained mutation: Your body sometimes deteriorates upon taking damage. [mutagenic meat]
  6340 | D:6      | Gained mutation: Your body often deteriorates upon taking damage. [mutagenic meat]
  6696 | D:6      | Found an iron altar of Okawaru.
  6703 | D:6      | Found a burning altar of Makhleb.
  6784 | D:6      | Became a worshipper of Warmaster Okawaru
  7301 | D:7      | Gained mutation: Your flesh is cold resistant. (rC+) [mutagenic meat]
  7436 | D:7      | Reached skill level 1 in Invocations
  7649 | D:7      | Reached * piety under Okawaru
  7649 | D:7      | Reached skill level 8 in Fighting
  7888 | D:7      | Found a basalt altar of Yredelemnul.
  8170 | D:7      | Reached ** piety under Okawaru
  8170 | D:7      | Reached XP level 10. HP: 97/98 MP: 13/13
  8437 | D:7      | Reached skill level 5 in Evocations
  8752 | D:5      | Killed letownia's ghost
  8820 | D:4      | Killed Danqa's ghost
  9104 | D:8      | Noticed Joseph
  9126 | D:8      | Killed Joseph
  9368 | D:7      | Reached skill level 9 in Fighting
  9726 | D:8      | Noticed Mitsuki's ghost (novice HOFi)
  9920 | D:8      | Killed Mitsuki's ghost
  9920 | D:8      | Reached *** piety under Okawaru
  9920 | D:8      | Reached skill level 5 in Invocations
 10089 | D:8      | Found a hazy altar of Hepliaklqana.
 10161 | D:8      | Noticed a two-headed ogre
 10467 | D:8      | Killed a two-headed ogre
 10467 | D:8      | Reached **** piety under Okawaru
 10467 | D:8      | Reached XP level 11. HP: 58/105 MP: 15/15
 10653 | D:8      | Found a staircase to the Lair.
 11061 | D:8      | Noticed a two-headed ogre
 11413 | D:8      | Found a snail-covered altar of Cheibriados.
 11673 | D:8      | HP: 3/105 [electric eel/bolt of electricity (14)]
 11674 | D:8      | Killed from afar by an electric eel

Skill      XL: |  1  2  3  4  5  6  7  8  9 10 |
---------------+-------------------------------+-----
Fighting       | 4 5 6 7 8 9 |  9.5
Armour         | 4 5 6 7 8 |  8.7
Polearms       | 3 4 5 6 7 8 |  8.4
Shields        | 4 5 6 7 8 |  8.8
Evocations     | 1 3 4 6 |  6.2
Invocations    | 3 5 |  5.8

Action                   |  1- 3 |  4- 6 |  7- 9 | 10-12 || total
-------------------------+-------+-------+-------+-------++-------
Melee: Trident           |    79 |    14 |       |       ||    93
       Scythe            |       |   191 |   579 |   275 ||  1045
Invok: Heroism           |       |       |       |     6 ||     6
 Abil: Stop Flying       |       |       |     1 |       ||     1
  Use: Potion            |       |       |     1 |       ||     1
  Eat: Chunk             |     1 |     6 |    18 |     3 ||    28
       Royal jelly       |       |       |     1 |       ||     1
       Meat ration       |       |       |     1 |     2 ||     3
Armor: Scale mail        |    21 |   176 |   123 |       ||   320
       Plate armour      |       |       |   521 |   402 ||   923
Dodge: Dodged            |     8 |   182 |   282 |   176 ||   648
Block: Shield            |    22 |     1 |       |       ||    23
